 Dungeon Crawl Stone Soup version 0.31.0-12-g77e489cdc1 (webtiles) character file.

Game seed: 7126904781078226026

31227 sking99 the Grappler (level 13, 0/136 HPs)
             Began as a Red Draconian Shapeshifter on Feb 28, 2024.
             Was a High Priest of Nemelex Xobeh.
             Slain by an elephant (11 damage)
             ... on level 5 of the Lair of Beasts.
             The game lasted 00:37:40 (17314 turns).

sking99 the Grappler (Red Draconian Shapeshifter)  Turns: 17314, Time: 00:37:41

Health: 0/136      AC:  9    Str: 26    XL:     13   Next: 24%
Magic:  15/21      EV: 11    Int: 11    God:    Nemelex Xobeh [*****.]
Gold:   849        SH:  0    Dex: 11    Spells: 12/12 levels left

rFire   . .          .
                       - Unarmed
rCold   + + .        (shield currently unavailable)
rNeg    . . .        (body armour unavailable)
rPois   +            (helmet currently unavailable)
rElec   .            L - melded +0 cloak
rCorr   .            (gloves currently unavailable)
SInv    .            s - melded +0 pair of boots
Will    .....        q - amulet of the acrobat
Stlth   +            w - ring of protection from cold
HPRegen 0.42/turn    y - ring of protection from cold
MPRegen 0.17/turn

%: acrobat
@: snake-form, studying Shields
A: constrict, boosted hp, (breathe fire), AC +8, large, unfitting armour, (fire
resistance 1), (cold-blooded)
a: Begin Untransformation, Renounce Religion, Draw Escape, Draw Destruction,
Draw Summoning, Triple Draw, Deal Four, Stack Five


You were on level 5 of the Lair of Beasts.
You worshipped Nemelex Xobeh.
Nemelex Xobeh was extremely pleased with you.
You were an enormous serpent.
You visited 3 branches of the dungeon, and saw 16 of its levels.

You collected 849 gold pieces.

Inventory:

Armour
 s - a +0 pair of boots (melded)
 I - a +1 buckler
 L - a +0 cloak (melded)
Jewellery
 q - an amulet of the acrobat (around neck)
 w - a ring of protection from cold (left hand)
 y - a ring of protection from cold (right hand)
 F - an amulet of reflection
 O - a ring of ice
Talismans
 b - a beast talisman
 c - a flux talisman
 v - a serpent talisman (active)
 M - a storm talisman
Wands
 t - a wand of polymorph (9)
 x - a wand of flame (53)
 B - a wand of digging (8)
 D - a wand of iceblast (19)
Scrolls
 d - 3 scrolls of fear
 f - 3 scrolls of vulnerability
 i - 4 scrolls of revelation
 k - 2 scrolls of teleportation
 n - 2 scrolls of immolation
 o - 2 scrolls of fog
 u - 2 scrolls of enchant armour
 E - 2 scrolls of identify
 G - 3 scrolls of noise
 H - 2 scrolls of enchant weapon
 J - a scroll of poison
Potions
 a - 3 potions of lignification
 e - 4 potions of haste {unknown}
 g - 2 potions of curing
 h - 2 potions of heal wounds {unknown}
 j - 3 potions of brilliance {unknown}
 l - 5 potions of enlightenment {unknown}
 m - 4 potions of berserk rage {unknown}
 p - 2 potions of degeneration {unknown}
 r - 4 potions of attraction {unknown}
 z - a potion of resistance {unknown}
 A - 3 potions of invisibility {unknown}
 C - 3 potions of magic {unknown}
 K - a potion of cancellation {unknown}
 N - 4 potions of ambrosia {unknown}


   Skills:
 - Level 10.4 Fighting
 + Level 5.2 Dodging
 + Level 13.2 Unarmed Combat
 + Level 11.5 Invocations
 + Level 11.1 Shapeshifting


You had 12 spell levels left.
You didn't know any spells.
Your spell library contained the following spells:

 Spells                   Type           Power      Damage    Failure   Level
 Mercury Vapours          Alch/Air       0%         N/A       47%         2
 Gell's Gravitas          Tloc           0%         N/A       71%         3
 Mephitic Cloud           Conj/Alch/Air  0%         N/A       71%         3
 Teleport Other           Tloc           0%         N/A       71%         3
 Arcjolt                  Conj/Air       0%         1d10      100%        5
 Silence                  Hex/Air        0%         N/A       100%        5
 Conjure Ball Lightning   Conj/Air       0%         3x3d6     100%        6
 Dispersal                Tloc           0%         N/A       100%        6
 Discord                  Hex            0%         N/A       100%        8
 Disjunction              Tloc           0%         N/A       100%        8


Dungeon Overview and Level Annotations

Branches:
Dungeon (10/15)            Temple (1/1) D:7            Lair (5/5) D:10
  Swamp (0/4) Lair:3       Spider (0/4) Lair:2        Slime (0/5) Lair:4
    Orc: D:9-12

Altars:
Ashenzari
Cheibriados
Dithmenos
Elyvilon
Fedhas
Gozag
Hepliaklqana
Kikubaaqudgha
Makhleb
Nemelex Xobeh
Okawaru
Qazlal
Ru
Sif Muna
Trog
Uskayaw
Vehumet
Wu Jian
Xom
Yredelemnul
Zin
The Shining One

Shops:
D:10 !

Annotations:
Lair:3 exclusion: 3 oklob plants


Innate Abilities, Weirdness & Mutations

You are an enormous serpent.
You have a powerful constriction melee attack.
Your maximum health is increased.
Your armour is entirely melded.
You are incapable of wielding weapons or throwing items.
((You can breathe blasts of fire.))
((Your fiery red scales are hard. (AC +8)))
You cannot fit into any form of body armour.
((Your flesh is heat resistant. (rF+)))
((You are cold-blooded and may be slowed by cold attacks.))


Message History

The elephant evaporates and reforms as a warg!
The warg twists and deforms.
The elephant evaporates and reforms as a basilisk!
The basilisk twists and deforms.
The elephant tramples you.
* * * LOW HITPOINT WARNING * * *
You hold your ground!
The elephant trunk-slaps you but does no damage.
The warg completely misses you.
You body-slam the warg!!
You kill the warg!
The elephant tramples you.
* * * LOW HITPOINT WARNING * * *
You hold your ground!
The elephant trunk-slaps you but does no damage.
Unknown command.
You lash the elephant!
The elephant is severely wounded.
The elephant tramples you.
* * * LOW HITPOINT WARNING * * *
You hold your ground!
The elephant barely misses you.
You lash the elephant!
The elephant is almost dead.
The elephant tramples you but does no damage.
The elephant trunk-slaps you.
* * * LOW HITPOINT WARNING * * *
Okay, then.
You body-slam the elephant!!
You kill the elephant!
The elephant tramples you!
* * * LOW HITPOINT WARNING * * *
You hold your ground!
The elephant closely misses you.
Unknown command.
You lash the elephant!
The elephant is severely wounded.
The elephant tramples you but does no damage.
The elephant trunk-slaps you.
* * * LOW HITPOINT WARNING * * *
The elephant tramples you!
You die...
Your body disappears without a glow.

............P.....
............#....Y ....
#.....P..........
.......#....P...........
.....PP.##.#P...#........
...P....##.#...#.........
..............P#.........
#....(.......##Y........
#(........###S#.....Y..
#........#####Y........ ##
#.......##....l........
...#.....####.........#...
........###..........#..#.
.........##.........#####
.###.....#...........
###....#..<........
###.............


You could see 2 elephants and a basilisk (misshapen).

Vanquished Creatures
  A two-headed ogre (D:10)
  2 skysharks (Lair:4)
  A wolf spider (Lair:1)
  11 elephants
  4 black mambas
  6 cane toads
  Jeremiah (D:8)
  An unseen horror (D:9)
  7 komodo dragons
  A kobold demonologist (D:7)
  2 rime drakes
  A queen bee (Lair:3)
  2 trolls
  Grinder (D:4)
  A polar bear (Lair:3)
  A hornet (D:8)
  17 blink frogs
  6 dream sheep
  2 culicivoras (Lair:2)
  Eustachio (D:4)
  6 wyverns
  A wraith (D:9)
  13 yaks
  A warg (Lair:5)
  4 vampire mosquitoes (D:10)
  2 basilisks (Lair:3)
  19 water moccasins
  An acid dragon (D:10)
  2 orc warriors
  A swamp drake (Lair:3)
  A boggart (Lair:1)
  4 ice beasts
  25 wolves
  2 centaurs (D:7)
  A phantom (D:4)
  2 kobold brigands (D:8)
  10 bullfrogs
  4 scorpions
  4 wights (D:7)
  41 killer bees
  2 howler monkeys
  2 hounds (D:5)
  2 bombardier beetles
  A gnoll bouda (D:7)
  2 orc priests (D:7)
  A jelly (D:6)
  A sleepcap (D:6)
  An iguana (Lair:3)
  2 orc wizards
  6 hell rats (Lair:3)
  8 gnolls
  8 adders
  A river rat (Lair:3)
  2 shadow imps (D:6)
  A white imp (D:7)
  2 dart slugs
  14 orcs
  9 ball pythons
  4 bats
  6 endoplasms
  2 giant cockroaches (D:1)
  3 hobgoblins
  2 jackals (D:2)
  17 kobolds
  3 quokkas
  5 frilled lizards
  7 goblins
  6 rats
333 creatures vanquished.

Vanquished Creatures (collateral kills)
  A two-headed ogre (D:8)
  A kobold brigand (D:8)
  A gnoll sergeant (D:8)
  A scorpion (D:4)
  A gnoll (D:8)
  A white imp (D:8)
  An orc (D:4)
  A kobold (D:8)
8 creatures vanquished.

Grand Total: 341 creatures vanquished

Notes
Turn   | Place    | Note
-------+----------+-------------------------------------------
     0 | D:1      | sking99 the Draconian Shapeshifter began the quest for the
                  | Orb.
     0 | D:1      | Reached XP level 1. HP: 16/16 MP: 1/1
   323 | D:1      | Reached XP level 2. HP: 23/23 MP: 2/2
   700 | D:2      | Reached XP level 3. HP: 12/29 MP: 3/3
  1036 | D:2      | Reached skill level 4 in Unarmed Combat
  1348 | D:3      | Found a sparkling altar of Nemelex Xobeh.
  1355 | D:3      | Became a worshipper of Nemelex Xobeh the Trickster
  1438 | D:3      | Reached XP level 4. HP: 37/37 MP: 4/4
  1586 | D:3      | Got Vopnas's Omnibus of the Lungs and Formulae
  2221 | D:4      | Noticed Grinder
  2268 | D:4      | Reached * piety under Nemelex Xobeh
  2442 | D:4      | Noticed a scorpion
  2451 | D:4      | Killed a scorpion
  2452 | D:4      | Reached skill level 1 in Invocations
  2452 | D:4      | Reached XP level 5. HP: 35/44 MP: 5/5
  2605 | D:4      | Received a gift from Nemelex Xobeh
  2678 | D:4      | Noticed a phantom
  2693 | D:4      | Killed a phantom
  2694 | D:4      | Reached skill level 5 in Unarmed Combat
  2694 | D:4      | Reached XP level 6. HP: 48/51 MP: 7/7
  2903 | D:4      | Noticed Eustachio
  2914 | D:4      | Killed Eustachio
  2998 | D:4      | Paralysed by Grinder for 4 turns
  3008 | D:4      | Killed Grinder
  3009 | D:4      | Reached skill level 6 in Unarmed Combat
  3009 | D:4      | Your scales start taking on a fiery red colour.
  3009 | D:4      | Reached XP level 7. HP: 26/59 MP: 7/9
  3009 | D:4      | Gained mutation: Your flesh is heat resistant. (rF+) [Red
                  | Draconian growth]
  3156 | D:5      | Entered Level 5 of the Dungeon
  3274 | D:5      | Found a sacrificial altar of Ru.
  3771 | D:5      | Found a radiant altar of Vehumet.
  3799 | D:5      | Reached ** piety under Nemelex Xobeh
  4120 | D:6      | Reached XP level 8. HP: 31/67 MP: 10/10
  4259 | D:6      | Found a snail-covered altar of Cheibriados.
  4292 | D:6      | Reached skill level 5 in Shapeshifting
  4345 | D:6      | Reached skill level 5 in Fighting
  4763 | D:6      | Found a stormy altar of Qazlal.
  4770 | D:6      | Reached skill level 7 in Unarmed Combat
  4986 | D:7      | Found a staircase to the Ecumenical Temple.
  5035 | Temple   | Entered the Ecumenical Temple
  5307 | D:7      | Reached *** piety under Nemelex Xobeh
  5373 | D:7      | Reached XP level 9. HP: 63/74 MP: 12/12
  5472 | D:7      | Reached skill level 5 in Invocations
  6115 | D:7      | Noticed a kobold demonologist
  6119 | D:7      | Killed a kobold demonologist
  6120 | D:7      | Reached skill level 8 in Unarmed Combat
  6415 | D:8      | Noticed a two-headed ogre
  6422 | D:8      | Killed a two-headed ogre
  6423 | D:8      | Reached skill level 9 in Unarmed Combat
  6512 | D:8      | Found a shadowy altar of Dithmenos.
  6520 | D:8      | Found an ancient bone altar of Kikubaaqudgha.
  6523 | D:8      | Found an opulent altar of Gozag.
  6523 | D:8      | Found a hide-covered altar of Uskayaw.
  6530 | D:8      | Found a basalt altar of Yredelemnul.
  6544 | D:8      | Noticed Jeremiah
  6564 | D:8      | Killed Jeremiah
  6565 | D:8      | Reached XP level 10. HP: 54/86 MP: 15/15
  6665 | D:8      | Found a bloodstained altar of Trog.
  6780 | D:8      | Received a gift from Nemelex Xobeh
  6793 | D:8      | Paralysed by a hornet for 1 turns
  7291 | D:9      | Reached **** piety under Nemelex Xobeh
  7309 | D:9      | Found a shimmering altar of Xom.
  7309 | D:9      | Found a shimmering altar of Xom.
  7310 | D:9      | Found a shimmering altar of Xom.
  7311 | D:9      | Found a shimmering altar of Xom.
  7311 | D:9      | Found a shimmering altar of Xom.
  7311 | D:9      | Found a shimmering altar of Xom.
  7311 | D:9      | Found a shimmering altar of Xom.
  7975 | D:9      | Reached skill level 10 in Unarmed Combat
  8041 | D:9      | Received a gift from Nemelex Xobeh
  8252 | D:9      | Found a burning altar of Makhleb.
  8367 | D:10     | Entered Level 10 of the Dungeon
  8588 | D:10     | Found a staircase to the Lair.
  8729 | D:10     | Found Mihi's Distillery.
  8831 | D:10     | Received a gift from Nemelex Xobeh
  9107 | D:10     | Reached ***** piety under Nemelex Xobeh
  9378 | D:10     | Noticed a two-headed ogre
  9384 | D:10     | Killed a two-headed ogre
  9385 | D:10     | Reached skill level 11 in Unarmed Combat
  9556 | Lair:1   | Entered Level 1 of the Lair of Beasts
  9581 | Lair:1   | Noticed a catoblepas
  9715 | Lair:1   | a catoblepas changed into a wolf spider
  9715 | Lair:1   | Noticed a wolf spider
  9722 | Lair:1   | Killed a wolf spider
  9723 | Lair:1   | Reached XP level 11. HP: 37/95 MP: 17/17
 10043 | Lair:1   | Received a gift from Nemelex Xobeh
 10756 | Lair:1   | Received a gift from Nemelex Xobeh
 11349 | Lair:2   | Identified the +11 long sword "Zohyduwn" {freeze, rElec
                  | rPois}
 11829 | Lair:2   | Reached skill level 10 in Shapeshifting
 12943 | Lair:2   | Found a hole to the Spider Nest.
 13603 | Lair:3   | Reached XP level 12. HP: 106/106 MP: 19/19
 13734 | Lair:3   | Found a staircase to the Swamp.
 13752 | Lair:3   | Reached skill level 10 in Fighting
 13773 | Lair:3   | Reached skill level 12 in Unarmed Combat
 14101 | Lair:3   | HP: 5/128 [killer bee (6)]
 14405 | Lair:3   | Reached skill level 10 in Invocations
 14958 | Lair:3   | Received a gift from Nemelex Xobeh
 15239 | Lair:4   | Found a staircase to the Slime Pits.
 15239 | Lair:4   | Received a gift from Nemelex Xobeh
 16611 | Lair:4   | Reached skill level 13 in Unarmed Combat
 16680 | Lair:4   | Received a gift from Nemelex Xobeh
 16699 | Lair:4   | Reached XP level 13. HP: 56/114 MP: 21/21
 17256 | Lair:5   | Entered Level 5 of the Lair of Beasts
 17296 | Lair:5   | Reached skill level 5 in Dodging
 17314 | Lair:5   | Slain by an elephant

Illustrated notes

Levels and vault maps discovered:
D:1:      minmay_arrival_loop, layout_loops_ring
D:2:      layout_basic
D:3:      layout_basic, nemelex_diamond_rough_becter, kennysheep_generic_room_8
D:4:      layout_cave_pools, nicolae_tricolors, uniq_eustachio, uniq_grinder
D:5:      layout_basic, nicolae_vehumet_radiance,
          mainiacjoe_overflow_surrounded_room
D:6:      layout_loops_ring, cheibriados_altar_1,
          nicolae_qazlal_eye_of_the_storm
D:7:      layout_basic, minmay_temple_entry_large_hall, minmay_manual_monstrance
D:8:      layout_loops_ring, lightli_temple_of_fire,
          nicolae_overflow_hallway_of_the_gods, uniq_jeremiah
D:9:      layout_cave_pods, xom_shifter_show, mainiacjoe_overflow_alcove_4,
          minmay_misc_feat_x, nicolae_twisty_statue_hallways
D:10:     layout_basic, lair_entry_dummy, serial_shops,
          nicolae_shop_industrial_runoff
Temple:   nicolae_temple_figure_zero
Lair:1:   layout_cave_pods
Lair:2:   layout_roguey, hellmonk_spider_entry_life_and_decay
Lair:3:   hangedman_what_comes_after_a, layout_misc_corridors,
          minmay_swamp_entry_reptiles
Lair:4:   layout_cave_shapes, slime_entry_1, grunt_megastairs_5
Lair:5:   hangedman_lair_tendril_chambers, layout_cave_pods

Skill      XL: |  1  2  3  4  5  6  7  8  9 10 11 12 13 |
---------------+----------------------------------------+-----
Fighting       | 2 3 4 5 7 8 9 10 | 10.4
Unarmed Combat | 4 5 6 7 9 11 13 | 13.2
Invocations    | 1 3 4 6 8 9 11 | 11.5
Shapeshifting  | 4 7 10 11 | 11.1
Dodging        | 4 5 |  5.2

Action                     |  1- 3 |  4- 6 |  7- 9 | 10-12 | 13-15 || total
---------------------------+-------+-------+-------+-------+-------++-------
  Melee: Unarmed           |    95 |    81 |   222 |   621 |    45 ||  1064
         Tailslap          |     6 |     6 |    29 |    52 |       ||    93
         Punch             |     2 |     3 |     6 |       |       ||    11
         Constrict         |       |       |       |    79 |     1 ||    80
 Invoke: Draw Destruction  |       |     2 |     2 |    10 |     1 ||    15
         Draw Summoning    |       |     1 |     1 |       |       ||     2
         Deal Four         |       |       |       |     2 |     1 ||     3
         Draw Escape       |       |       |       |     2 |       ||     2
Ability: Breathe Fire      |       |       |     3 |     6 |       ||     9
    Use: Scroll            |       |    12 |     1 |     5 |       ||    18
         Potion            |       |       |       |     3 |       ||     3
   Stab: Sleeping          |     2 |     2 |       |       |       ||     4
         Petrified         |       |       |       |     1 |       ||     1
         Distracted        |       |       |       |     1 |       ||     1
 Armour: Skin              |    51 |    31 |    82 |   457 |    57 ||   678
  Dodge: Dodged            |    62 |    42 |   153 |   443 |    34 ||   734
   Form: Beast             |     1 |       |       |       |       ||     1
         Flux              |       |       |     1 |       |       ||     1
         Serpent           |       |       |       |     1 |       ||     1
